 Dungeon Crawl Stone Soup version 0.31.0-32-g396128a36d (webtiles) character file.

Game seed: 920465291554346115

252 adizb the Covered (level 5, 0/46 HPs)
             Began as an Armataur Fighter on Apr 13, 2024.
             Succumbed to an orc wizard's poison
             ... on level 3 of the Dungeon.
             The game lasted 00:10:12 (1637 turns).

adizb the Covered (Armataur Fighter)                Turns: 1637, Time: 00:10:12

Health: 0/46       AC: 10    Str: 21 (23) XL:     5   Next: 89%
Magic:  5/5        EV:  7    Int:  7 (9)  God:
Gold:   148        SH:  4    Dex:  7 (9)  Spells: 4/4 levels left

rFire   . . .        a - +0 flail
rCold   . . .        c - +0 buckler
rNeg    . . .        b - +0 scale mail
rPois   .            n - +2 helmet
rElec   .            (no cloak)
rCorr   .            (no gloves)
SInv    .            (no barding)
Will    +....        k - amulet of guardian spirit Stlth
                     (no ring)
HPRegen 0.27/turn    (no ring)
MPRegen 0.09/turn

%: guardian spirit, roll
@: lethally poisoned (0 -> -1), enlightened, flying, hasted, very quick
A: large, deformed body, tough skin 3, armoured tail, roll 1
a: no special abilities


You were on level 3 of the Dungeon.
You visited 1 branch of the dungeon, and saw 3 of its levels.

You collected 148 gold pieces.

Inventory:

Hand Weapons
 a - a +0 flail (weapon)
Armour
 b - a +0 scale mail (worn)
 c - a +0 buckler (worn)
 n - a +2 helmet (worn)
 p - a +1 helmet
Jewellery
 e - an amulet of magic regeneration
 k - an amulet of guardian spirit (around neck)
Wands
 h - a wand of light (10)
Scrolls
 f - a scroll of silence {unknown}
 g - a scroll of immolation {unknown}
 j - a scroll of amnesia
 l - 3 scrolls of teleportation
 o - a scroll of noise {unknown}
Potions
 d - a potion of might
 i - a potion of haste
 m - a potion of degeneration


   Skills:
 + Level 3.8 Fighting
 + Level 3.1 Maces & Flails
 + Level 5.0 Armour
 + Level 4.6 Shields


You had 4 spell levels left.
You didn't know any spells.
Your spell library contained the following spells:

 Spells                   Type           Power      Damage    Failure   Level
 Foxfire                  Conj/Fire      0%         2x1d4     83%         1
 Plasma Beam              Fire/Air       0%         2x1d10    100%        6
 Starburst                Conj/Fire      0%         6d3       100%        6


Dungeon Overview and Level Annotations

Branches:
Dungeon (3/15)

Altars:
Hepliaklqana


Innate Abilities, Weirdness & Mutations

Armour fits poorly on your strangely shaped body.
You have extremely tough skin. (AC +3)
You have a long armoured tail.
You regenerate magic when rolling toward enemies. (Rampage MPRegen)


Message History

You are lethally poisoned!
You miss something. You tail-slap something.
Reactivating autopickup.
You feel a bit more experienced.
You feel very sick.
* * * LOW HITPOINT WARNING * * *
You feel very sick.
Things that are here:
a +1 dagger of venom; a +0 robe Which direction?
Which direction?
As you close the door, it creaks loudly!
* * * LOW HITPOINT WARNING * * *
You feel sick.
Okay, then.
It was a potion of degeneration.
There was something very wrong with that liquid.
You feel weakened.
You feel dopey.
You feel clumsy.
* * * LOW HITPOINT WARNING * * *
You feel very sick.
It was a potion of haste.
You feel yourself speed up.
* * * LOW HITPOINT WARNING * * *
You feel sick.
It was a potion of enlightenment.
You feel very buoyant.
You fly up into the air.
* * * LOW HITPOINT WARNING * * *
You feel sick.
Okay, then.
Okay, then.
Okay, then.
* * * LOW HITPOINT WARNING * * *
You feel sick.
* * * LOW HITPOINT WARNING * * *
You feel sick.
* * * LOW HITPOINT WARNING * * *
You feel sick.
* * * LOW HITPOINT WARNING * * *
You feel sick.
You die...

...+..⌠..##'##.....#
#..##...##...##...##
....##(##.....##.##
##.. #'#...>...#'+
##.##.....##.##
##...##...##...## #
+..⌠..##'##.....#
#.##...##.))##...##
#..##.##.....##@##
#...#'#.......)+#
#...##.....##.##
###..##...##...##
##..##'##.....# +#
##....###...##..#
####.# ##.##..#
#.####'#..#
#........#


There were no monsters in sight!

Vanquished Creatures
  A bombardier beetle (D:3)
  Natasha (thrice) (D:2)
  An orc wizard (D:3)
  Robin (D:2)
  3 adders (D:2)
  A dart slug (D:2)
  A ribbon worm (D:3)
  3 orcs (D:3)
  6 ball pythons
  3 bats (D:2)
  3 endoplasms
  5 giant cockroaches
  16 goblins
  2 hobgoblins
  6 jackals
  3 kobolds
  3 quokkas
  6 frilled lizards
  3 rats
70 creatures vanquished.

Notes
Turn   | Place    | Note
-------+----------+-------------------------------------------
     0 | D:1      | adizb the Armataur Fighter began the quest for the Orb.
     0 | D:1      | Reached XP level 1. HP: 18/18 MP: 1/1
   168 | D:1      | Reached XP level 2. HP: 25/25 MP: 2/2
   257 | D:1      | Reached skill level 4 in Armour
   323 | D:1      | Reached XP level 3. HP: 31/31 MP: 3/3
   696 | D:2      | HP: 1/31 [poisoned by a goblin]
   999 | D:2      | Noticed Natasha
  1005 | D:2      | Killed Natasha
  1006 | D:2      | Reached XP level 4. HP: 23/38 MP: 4/4
  1093 | D:2      | Noticed Natasha
  1097 | D:2      | Killed Natasha
  1206 | D:2      | Noticed Natasha
  1208 | D:2      | Noticed Robin
  1217 | D:2      | Killed Natasha
  1218 | D:2      | Reached XP level 5. HP: 44/45 MP: 5/5
  1231 | D:2      | Killed Robin
  1434 | D:3      | Found a hazy altar of Hepliaklqana.
  1625 | D:3      | Reached skill level 5 in Armour
  1633 | D:3      | HP: 2/46 [poisoned by an orc wizard]
  1637 | D:3      | Succumbed to an orc wizard's poison

Illustrated notes

Levels and vault maps discovered:
D:1:      dpeg_arrival_subterranean_lakeside_camping, layout_loops_ring
D:2:      layout_loops_corners, minivault_19, corexii_leaking_fountain,
          uniq_robin, uniq_natasha
D:3:      layout_rooms, overflow_temple_1_default, nicolae_hexahallways

Skill      XL: |  1  2  3  4  5 |
---------------+----------------+-----
Maces & Flails | 2 3 |  3.1
Armour         | 4 5 |  5.0
Fighting       | 3 |  3.8
Shields        | 4 |  4.6

Action                     |  1- 3 |  4- 6 || total
---------------------------+-------+-------++-------
  Melee: Flail             |    79 |   104 ||   183
         Tailslap          |     8 |    14 ||    22
    Use: Potion            |     1 |     3 ||     4
         Scroll            |       |     2 ||     2
 Armour: Scale mail        |    50 |    79 ||   129
  Dodge: Dodged            |    13 |    30 ||    43
  Block: Buckler           |     7 |    24 ||    31
